Map: Thunderbird LE

Players

ArbiterOfPoo - Winner!

  • Race: Terran Terran
  • Spawn Location: 5:00

NightKnight

  • Race: Zerg Zerg
  • Spawn Location: 11:00

VOD

Have the link to the VOD?

Description

Time

  • Played on: May 22, 2019, 2:34 p.m.
  • Length: 14:06
Show
View Real Time Build Order
Export as new Build Order

ArbiterOfPoo Terran - Winner!

Build Orders: Command Center First (CC) 

Get SALT Encoding   

  12  0:01  SCV  
  13  0:15  SCV  
  14  0:27  SCV  
  15  0:30  Supply Depot  
  15  0:56  Command Center  
  15  1:01  SCV  
  16  1:16  SCV  
  17  1:28  SCV  
  17  1:30  Barracks  
  18  2:04  SCV  
  19  2:10  Engineering Bay  
  19  2:18  SCV, Supply Depot  
  19  2:20  Orbital Command  
  19  2:21  Marine  
  21  2:35  Barracks  
  21  2:39  Refinery  
  21  2:42  Refinery  
  21  2:44  Marine  
  22  2:56  Barracks  
  22  3:03  Barracks, Orbital Command  
  22  3:13  Marine  
  22  3:16  SCV  
  24  3:26  Supply Depot  
  24  3:31  Barracks Reactor  
  24  3:36  Barracks Tech Lab  
  24  3:47  Marine  
  25  3:51  SCV  
  26  3:59  SCV  
  26  4:00  Marine x2  
  29  4:05  Marine  
  30  4:10  Stimpack  
  30  4:12  SCV  
  30  4:14  Marine x2  
  33  4:18  Terran Infantry Weapons Level 1, Marine x2  
  35  4:26  SCV  
  35  4:27  SCV  
  37  4:32  Marine  
  37  4:34  Marine x2  
  37  4:36  Marine x2  
  42  4:40  Factory  
  42  4:42  SCV  
  42  4:43  SCV  
  44  4:50  Marine  
  44  4:51  Marine  
  44  4:52  Marine  
  47  4:53  Marine  
  48  5:04  SCV  
  49  5:09  Marine x4  
  49  5:11  Marine  
  54  5:17  Supply Depot  
  54  5:19  Supply Depot  
  54  5:29  Starport  
  54  5:39  SCV x2  
  56  5:45  Refinery  
  56  5:47  Marine x5  
  61  5:51  SCV x2, Factory Reactor  
  63  6:03  SCV x2  
  65  6:04  Marine  
  65  6:05  Marine x4  
  70  6:21  Supply Depot  
  70  6:24  Supply Depot x2  
  70  6:29  Supply Depot  
  70  6:36  Terran Infantry Armor Level 1  
  70  6:38  Combat Shield  
  70  6:43  SCV, Marine x5, Medivac  
  70  6:45  SCV, Medivac  
  81  6:51  Refinery  
  81  6:55  SCV  
  81  6:57  SCV  
  81  7:01  Marine  
  84  7:02  Marine  
  84  7:03  Marine x3  
  84  7:07  SCV  
  89  7:18  Marine  
  89  7:20  Marine x2  
  89  7:21  Marine x2  
  94  7:32  SCV x2  
  94  7:36  Marine  
  97  7:38  Marine x4  
  66  8:05  Marine x5  
  67  8:22  Marine  
  67  8:23  Marine x4  
  73  8:27  SCV x2  
  74  8:39  SCV x2  
  74  8:40  Marine x3, Command Center  
  74  8:41  Marine x2  
  81  8:43  Medivac x2  
  85  8:51  SCV x2  
  87  8:58  Marine x4  
  87  8:59  Marine  
  92  9:13  Medivac  
  92  9:16  Marine x5  
  99  9:20  Barracks  
  99  9:28  Medivac  
  101  9:34  Marine  
  102  9:51  Marine x4, Medivac  
  102  9:52  Marine  
  109  10:00  Supply Depot  
  109  10:01  Supply Depot x2  
  109  10:02  Orbital Command  
  109  10:09  Marine x5, Medivac  
  109  10:13  Command Center  
  116  10:21  Medivac  
  116  10:27  Marine x3  
  92  10:39  Marine x2, Medivac  
  96  10:44  Marine x3  
  99  10:53  Armory  
  99  10:57  Marine x2  
  99  11:02  Marine x3  
  92  11:14  Marine  
  92  11:15  Marine  
  89  11:20  Marine x3  
  89  11:32  Marine x2  
  88  11:38  Marine x3  
  93  11:47  Supply Depot x2  
  93  11:48  SCV  
  93  11:49  Supply Depot  
  93  11:50  Marine x2  
  93  11:52  Supply Depot  
  96  11:56  Marine x3  
  96  12:00  SCV  
  101  12:02  Orbital Command  
  101  12:08  Marine x2  
  101  12:10  Medivac x2  
  101  12:13  Marine x3  
  109  12:23  Engineering Bay  
  109  12:26  Marine x2  
  111  12:31  Marine x3  
  114  12:40  Medivac x2  
  114  12:43  Marine  
  114  12:44  Marine  
  119  12:49  Marine x3  
  123  13:09  Marine x3  
  123  13:10  Marine x2  
  116  13:27  Marine x2  
  116  13:29  Marine x3  
  115  13:45  Marine x2  
  115  13:51  Barracks, Command Center  
Show
View Real Time Build Order
Export as new Build Order

NightKnight Zerg 

Build Orders: Pool First 

Get SALT Encoding   

  12  0:02  Drone  
  13  0:13  Drone  
  14  0:18  Overlord  
  14  0:26  Extractor, Drone  
  14  0:29  Extractor  
  14  0:30  Drone  
  16  0:47  Drone  
  16  0:48  Drone  
  18  0:52  Spawning Pool  
  17  1:00  Drone  
  18  1:13  Overlord  
  18  1:22  Drone  
  19  1:46  Drone x2  
  21  1:50  Hatchery  
  20  2:04  Hatchery  
  19  2:15  Extractor  
  19  2:18  Drone x2  
  19  2:19  Drone  
  20  2:45  Zergling x4  
  20  2:47  Queen  
  24  2:59  Extractor, Drone  
  24  3:08  Zergling x2  
  25  3:23  Queen  
  27  3:34  Drone x2  
  27  3:37  Drone x3  
  27  3:39  Queen  
  27  3:40  Queen  
  36  3:42  Drone x3  
  39  3:51  Metabolic Boost  
  39  3:58  Baneling Nest, Drone x3  
  41  4:06  Zergling x2  
  41  4:08  Overlord x2  
  42  4:13  Overlord  
  42  4:15  Overlord  
  42  4:26  Queen, Zergling x4  
  46  4:39  Lair  
  46  4:44  Queen  
  48  4:47  Drone x3  
  48  4:49  Drone x2  
  53  5:02  Queen  
  53  5:39  Zergling x8  
  53  5:40  Zergling x2  
  58  6:03  Centrifical Hooks  
  58  6:09  Burrow  
  55  6:15  Zergling x10  
  55  6:17  Baneling x6  
  55  6:18  Baneling x3  
  60  6:21  Zergling x10  
  60  6:22  Zergling x10  
  68  7:12  Overseer  
  68  7:14  Overseer  
  68  7:20  Pneumatized Carapace  
  68  7:26  Overseer  
  68  7:30  Zergling x2  
  68  7:31  Zergling x8  
  68  7:35  Overlord x2  
  68  7:36  Overlord  
  57  8:02  Queen  
  58  8:09  Zergling x6  
  58  8:11  Zergling x8  
  58  8:12  Zergling x2  
  64  8:26  Zergling x2  
  65  8:29  Zergling x4  
  66  8:35  Drone x4  
  66  8:39  Drone  
  66  8:40  Drone x2  
  69  8:42  Drone x3  
  72  8:55  Extractor x2  
  70  8:57  Zergling x4  
  70  8:59  Zergling x4  
  70  9:02  Overlord  
  74  9:08  Nydus Network  
  73  9:20  Zergling x8  
  77  9:28  Evolution Chamber  
  77  9:30  Evolution Chamber  
  75  9:54  Baneling x6  
  75  9:55  Baneling x4  
  75  10:11  Zergling x6  
  54  10:32  Zergling x2  
  54  10:33  Zergling x16  
  54  10:34  Zergling x2  
  59  10:36  Zergling x4  
  59  10:39  Zergling x14  
  59  10:40  Zergling x10  
  61  11:13  Infestation Pit  
  61  11:15  Zergling x6  
  61  11:16  Zergling x2  
  61  11:17  Zergling x6  
  61  11:18  Zergling x6  
  62  11:19  Zergling x2  
  62  11:20  Zergling x10  
  61  11:35  Zergling x8  
  61  11:38  Zergling x4  
  67  11:40  Zergling x2  
  67  11:41  Zergling x2  
  69  11:48  Overseer x2  
  70  11:54  Zergling x10  
  70  11:57  Zergling x6  
  70  11:59  Zergling x4  
  70  12:00  Zergling x4  
  81  12:13  Extractor  
  81  12:15  Extractor, Drone x2  
  82  12:16  Drone  
  82  12:20  Overlord  
  82  12:21  Overlord x3  
  82  12:46  Nydus Canal  
  82  12:55  Zergling x2  
  82  12:56  Zergling x10  
  85  13:01  Zergling x12  
  85  13:02  Zergling x4  
  85  13:03  Zergling x2  
Tags
 
Add a new tag
Caveats
  • Supply blocks, unpowered buildings, or Contaminate may cause inaccurate times.
  • Supply counts are checked every 10 seconds.